 Dungeon Crawl Stone Soup version 0.29-a0-393-g47a863cc1b (webtiles) character file.

Game seed: 12782450673080230788

1344 Hubjo the Firebug (level 8, -9/48 HPs)
             Began as a Deep Elf Fire Elementalist on May 9, 2022.
             Was a Believer of Lugonu.
             Mangled by an angel
             ... wielding a +2 sacred scourge of holy wrath
             ... created by the Shining One
              (15 damage)
             ... on level 6 of the Dungeon on May 10, 2022.
             The game lasted 00:15:24 (7921 turns).

Hubjo the Firebug (Deep Elf Fire Elementalist)      Turns: 7921, Time: 00:15:24

Health: -9/48      AC:  2    Str:  5    XL:     8   Next: 36%
Magic:  10/19      EV: 13    Int: 21    God:    Lugonu [**....]
Gold:   1204       SH:  5    Dex: 23    Spells: 7/19 levels left

rFire   . . .      SeeInvis .   E - +10 flail of Jimpueg {spect, rPois rN+}
rCold   + . .      Faith    .   (no shield)
rNeg    + . .      Spirit   .   a - +0 robe
rPois   +          Reflect  +   (no helmet)
rElec   .          Harm     .   (no cloak)
rCorr   .          Rampage  .   (no gloves)
Will    .....                   (no boots)
Stlth   ++........              f - amulet of reflection
HPRegen 0.16/turn               w - ring of protection from cold
MPRegen 0.16/turn               B - +6 ring of dexterity

@: glowing
A: no striking features
a: Renounce Religion, Depart the Abyss, Bend Space


You were on level 6 of the Dungeon.
You worshipped Lugonu.
Lugonu was pleased with you.
You visited 2 branches of the dungeon, and saw 7 of its levels.

You collected 1204 gold pieces.

Inventory:

Hand Weapons
 l - a +0 dagger of venom
 D - a +4 mace
 E - the +10 flail of Jimpueg (weapon) {spect, rPois rN+}
   (You found it on level 5 of the Dungeon)

   When its wielder attacks, the weapon's spirit leaps out and strikes again.
   The spirit shares a part of any damage it takes with its wielder.
   rPois:     It protects you from poison.
   rN:        It protects you from negative energy.
Missiles
 A - a throwing net
Armour
 a - a +0 robe (worn)
 r - a scarf of resistance
Magical Staves
 g - a staff of air
Jewellery
 f - an amulet of reflection (around neck)
 w - a ring of protection from cold (left hand)
 B - a +6 ring of dexterity (right hand)
 C - a ring of positive energy
Wands
 m - a wand of flame (12)
 x - a wand of paralysis (10)
Scrolls
 i - 2 scrolls of immolation
 n - a scroll of vulnerability
 o - 2 scrolls of poison
 t - 3 scrolls of noise
 y - a scroll of magic mapping
 G - a scroll of identify
Potions
 b - a potion of magic
 c - 2 potions of curing
 d - 3 potions of degeneration
 e - a potion of might {unknown}
 h - a potion of invisibility {unknown}
 j - 2 potions of heal wounds {unknown}
 k - 2 potions of lignification {unknown}
 p - 2 potions of flight {unknown}
 s - 2 potions of cancellation {unknown}
 u - a potion of attraction {unknown}
 z - a potion of haste {unknown}


   Skills:
 + Level 3.8 Fighting
 - Level 2.4 Dodging
 + Level 6.1 Stealth
 + Level 6.4 Spellcasting
 + Level 2.2 Conjurations
 * Level 2.6 Summonings
 + Level 6.9 Fire Magic


You had 7 spell levels left.
You knew the following spells:

 Your Spells              Type           Power      Damage    Failure   Level
a - Foxfire               Conj/Fire      100%       2x1d9     1%          1
b - Flame Wave            Conj/Fire      26%        2d7       14%         4
c - Spellforged Servitor  Conj/Summ      8%         N/A       100%        7

Your spell library contained the following spells:

 Spells                   Type           Power      Damage    Failure   Level
 Scorch                   Fire           72%        2d8       1%          2
 Conjure Flame            Conj/Fire      26%        6-21      4%          3
 Inner Flame              Hex/Fire       21%        N/A       7%          3
 Ignite Poison            Fire/Tmut/Pois 16%        N/A       11%         3
 Ensorcelled Hibernation  Hex/Ice        12%        N/A       14%         2
 Passwall                 Tmut/Erth      5%         N/A       14%         2
 Mephitic Cloud           Conj/Pois/Air  9%         N/A       21%         3
 Swiftness                Air            6%         N/A       28%         3
 Hailstorm                Conj/Ice       11%        3d5       52%         4
 Animate Dead             Necr           3%         N/A       67%         4
 Freezing Cloud           Conj/Ice/Air   4%         6-21      88%         5
 Borgnjor's Vile Clutch   Necr/Erth      3%         N/A       95%         5
 Death Channel            Necr           3%         N/A       100%        6
 Orb of Destruction       Conj           8%         9d6       100%        7


Dungeon Overview and Level Annotations

Branches:
Dungeon (6/15)             Temple (1/1) D:5

Altars:
Cheibriados
Dithmenos
Elyvilon
Gozag
Kikubaaqudgha
Makhleb
Nemelex Xobeh
Ru
Sif Muna
Trog
Uskayaw
Vehumet
Yredelemnul
Zin
The Shining One
Lugonu

Annotations:
D:4 2 runed translucent doors, sammy202020's ghost, novice MiFi


Message History

The Shining One sends the divine host to punish you for your evil ways! 2 daevas and an angel come into view.
A daeva is wielding a +2 long sword of holy wrath.
A daeva is wielding a +5 eudemon blade of holy wrath.
The angel is wielding a +2 sacred scourge of holy wrath.
There are monsters nearby!
There are monsters nearby!
As you read the scroll of teleportation, it crumbles to dust.
You feel strangely unstable.
Okay, then.
Space bends violently around you!
You blink.
Your surroundings suddenly seem different.
The daeva calls down the wrath of the Shining One upon you.
The Shining One smites you!
You start resting.
A daeva is nearby!
A daeva is nearby!
Welcome back, Hubjo the Deep Elf Fire Elementalist.
Lugonu says: Spread carnage and corruption!
Press ? for a list of commands and other information.
Aiming: Paralyse
Press: ? - help, Shift-Dir - straight line
Okay, then.
As you read the scroll of teleportation, it crumbles to dust.
You feel strangely unstable.
The daeva calls down the wrath of the Shining One upon you.
The Shining One smites you!
* * * LOW HITPOINT WARNING * * *
Your surroundings suddenly seem different.
As you read the scroll labelled QUQ JUBARIUTSY, it crumbles to dust.
It is a scroll of enchant weapon.
Your +3 mace glows red for a moment.
You feel better.
The angel shouts!
Aiming: Throw Flame
Press: ? - help, Shift-Dir - straight line, f - angel
Aim: an angel, wielding a +2 sacred scourge of holy wrath and wearing a +0 robe (durably summoned, haloed, 53% to hit)
The puff of flame misses the angel.
The angel hits you with a +2 sacred scourge of holy wrath!
* * * LOW HITPOINT WARNING * * *
The angel hits you with a +2 sacred scourge of holy wrath!
You die...

........( ..#..#####
#############..#...#
.................#.############
.......A.....................>#
.................#.####.#####.#
############........# #.# #.#
#........# #.# #.#
#....A...###.#####.#
#####@.............#
#..#####.####### #...# #.#
#.#.# #.# #.#.## #.# #.#..# #.#
#.##.###.# #.##..##.#
#.###.##.#


You could see an angel.

Vanquished Creatures
  Sigmund (D:3)
  A steam dragon (D:6)
  A sky beast (D:6)
  An ogre (D:5)
  2 phantoms
  2 scorpions
  2 necrophages
  A hound (D:5)
  3 orc priests
  3 iguanas
  2 orc wizards (D:5)
  7 gnolls
  8 adders
  3 ufetubi
  3 worms
  3 dart slugs
  8 orcs
  9 ball pythons
  9 endoplasms
  2 giant cockroaches
  3 hobgoblins
  3 jackals (D:1)
  4 kobolds
  2 quokkas
  6 bats
  3 frilled lizards (D:1)
  5 goblins
  6 rats
103 creatures vanquished.

Vanquished Creatures (collateral kills)
  13 foxfires (D:3)
13 creatures vanquished.

Vanquished Creatures (others)
  695 foxfires
  10 plants (D:3)
705 creatures vanquished.

Grand Total: 821 creatures vanquished

Notes
Turn   | Place    | Note
-------+----------+-------------------------------------------
     0 | D:1      | Hubjo the Deep Elf Fire Elementalist began the quest for
                  | the Orb.
     0 | D:1      | Reached XP level 1. HP: 10/10 MP: 6/6
   248 | D:1      | Reached XP level 2. HP: 16/16 MP: 4/8
   442 | D:1      | Reached skill level 1 in Fighting
  1050 | D:1      | Reached XP level 3. HP: 17/20 MP: 6/9
  2002 | D:2      | Reached XP level 4. HP: 14/26 MP: 0/11
  2666 | D:3      | Found a faded altar of an unknown god.
  3081 | D:3      | Learned a level 4 spell: Flame Wave
  3146 | D:3      | Noticed a phantom
  3508 | D:3      | Killed a phantom
  3509 | D:3      | Reached XP level 5. HP: 22/31 MP: 0/13
  3537 | D:3      | Reached XP level 6. HP: 29/36 MP: 0/14
  3650 | D:3      | Noticed Sigmund
  3658 | D:3      | Killed Sigmund
  3659 | D:3      | Reached skill level 5 in Spellcasting
  3659 | D:3      | Reached skill level 5 in Fire Magic
  3908 | D:3      | You fall into a shaft and drop 1 floor!
  4013 | D:4      | Found a large runed translucent door.
  4013 | D:4      | Found a large runed translucent door.
  4017 | D:4      | Noticed sammy202020's ghost (novice MiFi)
  5356 | D:4      | Identified a scroll of acquirement
  5357 | D:4      | Acquired Hubjo's Handbook of Harmful Snow
  5360 | D:5      | Entered Level 5 of the Dungeon
  5380 | D:5      | Reached skill level 5 in Stealth
  5380 | D:5      | Reached XP level 7. HP: 41/41 MP: 8/16
  5673 | D:5      | Found a staircase to the Ecumenical Temple.
  5702 | Temple   | Entered the Ecumenical Temple
  5880 | Temple   | Became a worshipper of the Shining One
  6009 | D:3      | Prayed at the altar of an unknown god.
  6009 | D:3      | Fell from the grace of the Shining One
  6009 | D:3      | Became a worshipper of Lugonu the Unformed
  6009 | D:3      | Reached * piety under Lugonu
  6009 | D:3      | Reached ** piety under Lugonu
  6635 | D:5      | Identified the +10 flail of Jimpueg {spect, rPois rN+}
  6899 | D:5      | Found a shadowy altar of Dithmenos.
  6935 | D:5      | Acquired 956 gold pieces
  6946 | D:5      | Learned a level 7 spell: Spellforged Servitor
  7082 | D:6      | Noticed a steam dragon
  7091 | D:6      | Killed a steam dragon
  7092 | D:6      | Reached skill level 1 in Summonings
  7092 | D:6      | Reached XP level 8. HP: 46/46 MP: 10/19
  7886 | D:6      | Noticed a daeva
  7886 | D:6      | Noticed a daeva
  7886 | D:6      | Noticed an angel
  7921 | D:6      | Mangled by an angel

Illustrated notes

Levels and vault maps discovered:
D:1:      amcnicky_arrival_blooded_trapdoor, layout_basic, st_stairs_3
D:2:      layout_rooms
D:3:      layout_rooms, hellmonk_ecumenical_altar_lost_god, serial_bayou,
          serial_bayou_ford_a, serial_bayou_pond_e, serial_bayou_lagoon_b,
          serial_bayou_crossing, minmay_fountain_box, kennysheep_generic_room_9,
          uniq_sigmund
D:4:      layout_basic, ebering_ghost_disaster_area
D:5:      layout_gridville, minmay_temple_entry_water_ring,
          kennysheep_flooded_box
D:6:      layout_basic
Temple:   regret_index_temple_waves

Skill      XL: |  1  2  3  4  5  6  7  8 |
---------------+-------------------------+-----
Fighting       | 1 2 3 |  3.8
Stealth        | 3 4 5 6 |  6.1
Fire Magic     | 4 5 6 |  6.9
Spellcasting   | 4 5 6 |  6.4
Summonings     | 1 2 |  2.6
Conjurations   | 2 |  2.2
Dodging        | |  2.4

Action                   |  1- 3 |  4- 6 |  7- 9 || total
-------------------------+-------+-------+-------++-------
Melee: Dagger            |       |    25 |     1 ||    26
       Punch             |       |     1 |       ||     1
       Flail             |       |       |    16 ||    16
 Cast: Foxfire           |   132 |   159 |   116 ||   407
       Flame Wave        |       |     1 |       ||     1
Invok: Bend Space        |       |       |     1 ||     1
Evoke: Wand              |       |       |     1 ||     1
  Use: Scroll            |       |     8 |     8 ||    16
       Potion            |       |     1 |     2 ||     3
Armor: Robe              |       |     6 |     3 ||     9
Dodge: Dodged            |     4 |    18 |    12 ||    34
Block: Other             |       |     7 |     5 ||    12

Table legend: (Time is in decaauts)
 A = Elapsed time spent in this place.
 B = Non-inter-level travel time spent in this place.
 C = Inter-level travel time spent in this place.
 D = Time resting spent in this place.
 E = Time spent auto-exploring this place.
 F = Levels seen in this place.
 G = Mean time per level.
                   A        B        C        D        E       F      G
               +--------+--------+--------+--------+--------+-----+--------+
         Total |   7987 |   7933 |     54 |      2 |   6552 |   7 | 1141.0 |
       Dungeon |   7774 |   7720 |     54 |      2 |   6446 |   6 | 1295.7 |
        Temple |    213 |    213 |      0 |      0 |    106 |   1 |  213.0 |
               +--------+--------+--------+--------+--------+-----+--------+

Top non-repeatable levels by time:
     D:1: 1595 daAuts
     D:4: 1512 daAuts
     D:3: 1414 daAuts
     D:5: 1281 daAuts
     D:2: 991 daAuts
     D:6: 980 daAuts
  Temple: 213 daAuts
